[Event "Romanian Superleague 2022"]
[Site "Oradea"]
[Date "2022.09.21"]
[Round "1.12"]
[White "Ciorgovean, Iustin"]
[Black "Costachi, Mihnea"]
[Result "0-1"]
[ECO "D79"]
[WhiteElo "2314"]
[BlackElo "2470"]
[Annotator "TA"]
[PlyCount "98"]
[EventDate "2022.09.21"]
[EventType "team-tourn"]
[EventCountry "ROU"]
[SourceTitle "playchess.com"]
[Source "ChessBase"]
[SourceQuality "1"]
[TimeControl "40/5400+30:1800+30"]

1. d4 Nf6 2. c4 c6 3. Nf3 d5 4. g3 g6 5. Bg2 Bg7 6. cxd5 cxd5 7. Ne5 O-O 8. Nc3 Nc6 9. O-O Be6 10. Nxc6 bxc6 11. Bf4 Nh5 12. Be3 {[%emt 0:05:44] D79: Fianchetto Grünfeld: Symmetrical Variation (6 0-0 c6 7 cxd5 cxd5).} f5 13. Qd2 Qd6 14. Bh6 {[%emt 0:16:43] [#] The position is equal.} Bxh6 $146 ({Predecessor:} 14... f4 15. Bxg7 Kxg7 16. Qd3 Bf5 17. e4 dxe4 18. Nxe4 Qc7 19. Qc3 Nf6 20. Nxf6 Rxf6 {1-0 (31) Stefanova,A (2469)-Sliwicka,A (2289) Warsaw 2021}) 15. Qxh6 f4 16. Bf3 Ng7 17. e3 fxg3 18. fxg3 Bd7 19. Rae1 e5 20. Bg2 Rxf1+ ({Much weaker is} 20... Nf5 21. dxe5 Qxe5 22. Qf4 Qxf4 23. Rxf4 $11) 21. Bxf1 (21. Rxf1 $15 Nf5 22. Qg5 (22. dxe5 Qxe5 23. Qf4 Qxe3+ 24. Qf2 Re8 $17)) 21... Qb4 $19 22. Re2 ({Avoid the trap} 22. dxe5 $2 Qxb2 23. Nxd5 cxd5 $19) 22... Nf5 23. Qg5 exd4 24. exd4 Qxd4+ 25. Kh1 Rf8 26. Bg2 Kg7 27. Qc1 Rf7 28. b3 Nh6 (28... h5 $19 {White must now prevent ...h4.} 29. Qd2 Qf6) 29. Na4 $17 Ng4 {[%emt 0:00:45] [#] ...Nf2+ is the strong threat.} 30. h3 Ne5 {[%emt 0:02:46] Black is more active.} (30... Nf2+ $17 31. Kh2 Nd3) 31. Kh2 (31. Nc5 $15) 31... Rf2 $36 {[%emt 0:00:20][%mdl 2048] Black is on the roll.} 32. Rxf2 Qxf2 33. Qf4 (33. Qb2 $142 Qxb2 34. Nxb2) 33... Qxf4 34. gxf4 {[%emt 0:00:01][%mdl 4096] Endgame KBN-KBN} Nd3 35. Kg3 Nc1 36. Nc5 Bf5 37. a4 Nd3 38. Nxd3 (38. Nb7 {was the only defense.}) 38... Bxd3 {[%emt 0:00:01] KB-KB} 39. b4 Kf6 {[%emt 0:01:04] Strongly threatening ...Kf5.} 40. Kf2 Bc2 41. a5 $2 (41. Ke3) 41... Be4 42. Bf1 d4 {[%emt 0:00:20][%cal Bd5d4,Bd4d3][%mdl 32] [#] And now ...Kf5 would win.} 43. Bc4 (43. h4 $142 Kf5 44. Kg3) 43... Kf5 44. Kg3 Bc2 {[%emt 0:02:11] Threatens to win with ...d3.} 45. Kf3 Bd1+ 46. Kg3 Ke4 {[%emt 0:00:34] Hoping for ...d3.} 47. Bg8 d3 {[%emt 0:00:32] ( -> ...d2)} 48. Bxh7 Bh5 49. Kf2 Kxf4 {[%emt 0:00:29] Weighted Error Value: White=0.90/Black=0.10 (very precise)} 0-1

[Event "Romanian Superleague 2022"]
[Site "Oradea"]
[Date "2022.09.21"]
[Round "1.13"]
[White "Efimenko, Zahar"]
[Black "Nguyen, Thai Dai Van"]
[Result "1/2-1/2"]
[ECO "B83"]
[WhiteElo "2599"]
[BlackElo "2627"]
[Annotator "TA"]
[PlyCount "52"]
[EventDate "2022.09.21"]
[EventType "team-tourn"]
[EventCountry "ROU"]
[SourceTitle "playchess.com"]
[Source "ChessBase"]
[SourceQuality "1"]
[TimeControl "40/5400+30:1800+30"]

1. e4 c5 2. Nf3 e6 3. d4 cxd4 4. Nxd4 Nc6 5. Nc3 Nf6 6. a3 Be7 7. Be2 O-O 8. O-O d6 9. Be3 e5 {[%emt 0:00:13] B83: Sicilian Scheveningen: 6 Be2, lines without ...a6.} 10. Nb3 Be6 11. Bf3 {[%emt 0:08:08] [#]} Rc8 $146 ({Predecessor:} 11... Na5 12. Nxa5 Qxa5 13. Qd2 Rfc8 14. Rfd1 a6 15. Nd5 Qxd2 16. Nxf6+ Bxf6 17. Rxd2 g6 {½-½ (25) Andeer,S (2476)-Rogos,J (2388) ICCF email 2014}) 12. Qd2 h6 13. h3 Re8 14. Nd5 Nh7 15. Rad1 Bg5 (15... Ng5 $5 16. Qe2 (16. Nxe7+ Nxe7 17. Bxg5 hxg5 $11) 16... Nxf3+ 17. Qxf3 Rf8 $11) 16. Bg4 Bxg4 17. hxg4 Ne7 18. Nc3 Qd7 19. f3 Red8 20. Rfe1 Qc6 21. Qf2 b6 {[%emt 0:05:57] The position is equal.} 22. Rd3 Bxe3 23. Qxe3 Rd7 24. Red1 Rcd8 25. Nc1 Nf6 26. N1e2 Qc5 {[%emt 0:03:44] An interesting draw.  Weighted Error Value: White=0.07 (flawless) /Black=0.05 (flawless)} 1/2-1/2

[Event "Romanian Superleague 2022"]
[Site "Oradea"]
[Date "2022.09.21"]
[Round "1.14"]
[White "Nisipeanu, Liviu-Dieter"]
[Black "Baklan, Vladimir"]
[Result "1/2-1/2"]
[ECO "E14"]
[WhiteElo "2633"]
[BlackElo "2578"]
[Annotator "TA"]
[PlyCount "42"]
[EventDate "2022.09.21"]
[EventType "team-tourn"]
[EventCountry "ROU"]
[SourceTitle "playchess.com"]
[Source "ChessBase"]
[SourceQuality "1"]
[TimeControl "40/5400+30:1800+30"]

1. d4 Nf6 2. c4 e6 3. Nf3 Bb4+ 4. Nbd2 b6 5. e3 Bb7 6. Bd3 c5 7. dxc5 Bxc5 8. a3 O-O 9. O-O {[%emt 0:08:46] The position is equal.} d5 {[%emt 0:06:02] E14: Queen's Indian: Classical Variation (4 e3).} 10. b4 Be7 11. Bb2 a5 {[%emt 0:00:39] [#]} 12. Qb1 $146 ({Predecessor:} 12. Rb1 axb4 13. axb4 Nc6 14. b5 Nb4 15. Be2 Ne4 16. cxd5 Bxd5 17. Nc4 Rc8 18. Nfd2 Nxd2 19. Nxd2 {½-½ (41) Lerner,K (2575)-Bauer,C (2520) Metz 1998}) 12... axb4 13. axb4 Rxa1 14. Bxa1 h6 (14... dxc4 {looks sharper.} 15. Nxc4 Bxf3 16. gxf3 Qd5) 15. Rd1 Nbd7 16. Bd4 dxc4 17. Nxc4 Qa8 18. Be2 b5 19. Nce5 Nxe5 20. Bxe5 Qa3 21. Bxb5 Qxb4 {[%emt 0:00:39] A balanced but interesting game.  Weighted Error Value: White=0.02 (flawless) /Black=0.01 (flawless)} 1/2-1/2

[Event "Romanian Superleague 2022"]
[Site "Oradea"]
[Date "2022.09.21"]
[Round "1.15"]
[White "Nanu, Costica-Ciprian"]
[Black "Mendonca, Leon Luke"]
[Result "1-0"]
[ECO "B38"]
[WhiteElo "2518"]
[BlackElo "2558"]
[Annotator "TA"]
[PlyCount "136"]
[EventDate "2022.09.21"]
[EventType "team-tourn"]
[EventCountry "ROU"]
[SourceTitle "playchess.com"]
[Source "ChessBase"]
[SourceQuality "1"]
[TimeControl "40/5400+30:1800+30"]

1. e4 c5 2. Nf3 d6 3. d4 cxd4 4. Nxd4 Nf6 5. f3 Nc6 6. c4 g6 7. Nc3 Bg7 8. Be3 O-O 9. Qd2 Nxd4 10. Bxd4 Be6 11. Rc1 $1 {[%emt 0:04:02][%mdl 4] is currently scoring better than 11.Be2. B38: Sicilian: Maroczy Bind with 5...Bg7 and 7...0-0.} a5 12. b3 Nd7 13. Be2 {[%emt 0:18:34] White is slightly better.} Bxd4 14. Qxd4 {[%emt 0:00:12] [#]} Nc5 $146 ({Predecessor:} 14... Qb6) 15. O-O Qb6 16. Rb1 Rfc8 17. f4 Na4 18. Qxb6 Nxb6 19. f5 Bd7 20. f6 Kf8 21. Rbd1 Bc6 ({Black should try} 21... a4 $11) 22. Rd4 {[%emt 0:04:58] White is more active.} a4 23. b4 Bd7 24. a3 Be6 25. fxe7+ Kxe7 26. Nd5+ Bxd5 27. exd5 ({Reject} 27. cxd5 Rc3 28. Rf3 Rac8 $15) 27... Nd7 {[%emt 0:00:53] [#]} 28. Re4+ (28. c5 $1 $16 ) 28... Ne5 $11 29. c5 $36 {[%emt 0:00:16][%mdl 2048] White has the initiative.} f5 (29... f6 $1 $11 {keeps the balance.}) 30. Re3 $16 Rc7 $2 {[%emt 0:00:41][%mdl 8192] Loses the game.} (30... Kf6 $16 {is more resistant.}) 31. g4 Kf6 32. cxd6 Rd7 33. g5+ Kxg5 34. Rxe5 Rxd6 35. Bf3 Rc8 36. Re6 Rd7 (36... Rxe6 37. dxe6 b6) 37. Rd1 $18 Rc3 38. Be2 Rxa3 39. Bb5 Rd8 40. d6 Rb3 41. Bxa4 Rxb4 42. Re8 Rxd6 43. Rxd6 Rxa4 44. Re7 Ra1+ 45. Kf2 Ra2+ 46. Re2 Ra4 47. Rd7 Rh4 48. Kg1 b5 49. Rb7 h6 50. Rxb5 Ra4 51. Rb3 {[%emt 0:05:01] [#] Black must now prevent Rg2+.} Kh4 52. Re6 Ra1+ 53. Kf2 Ra2+ 54. Re2 Ra6 55. Reb2 {[%emt 0:02:07] aiming for Rb6.} Kh5 56. Rh3+ Kg5 57. Rbb3 Ra2+ 58. Kf3 Ra6 59. Rc3 Rb6 60. Ra3 Rc6 61. Ke2 h5 62. Rhg3+ Kh6 63. h4 {[%emt 0:00:29] Threatening mate with Kf3.} Rb6 64. Kf3 {[%emt 0:00:43] White mates.} Rc6 65. Rg1 Rb6 66. Rd3 Ra6 67. Rd4 Rb6 68. Kf4 Ra6 {[%emt 0:00:13] Weighted Error Value: White=0.12 (very precise) /Black=0.39} 1-0

[Event "Romanian Superleague 2022"]
[Site "Oradea"]
[Date "2022.09.21"]
[Round "1.16"]
[White "Ghimpu, Samuel-Timotei"]
[Black "Rogozenco, Dorian"]
[Result "1-0"]
[ECO "B33"]
[WhiteElo "2434"]
[BlackElo "2438"]
[Annotator "TA"]
[PlyCount "115"]
[EventDate "2022.09.21"]
[EventType "team-tourn"]
[EventCountry "ROU"]
[SourceTitle "playchess.com"]
[Source "ChessBase"]
[SourceQuality "1"]
[TimeControl "40/5400+30:1800+30"]

1. e4 c5 2. Nf3 Nc6 3. d4 cxd4 4. Nxd4 Nf6 5. Nc3 e5 6. Nde2 Bc5 {[%emt 0:03:03] The main line 6...Bc5 scores better than 6...Bb4.} 7. Ng3 d6 {[%emt 0:12:25] B33: Sicilian: Pelikan and Sveshnikov Variations.} 8. Na4 Bb4+ 9. c3 Ba5 {[%emt 0:00:06] The position is equal.} 10. Bd3 {[%emt 0:00:07] [#]} a6 $146 ({Predecessor:} 10... O-O 11. O-O Be6 12. h3 a6 13. b4 Bc7 14. Qe2 b5 15. Nb2 d5 16. exd5 Nxd5 {0-1 (68) Abdrlauf,E (2334)-Zhigalko,S (2572) Chess.com INT 2021}) 11. O-O h6 12. h3 O-O 13. Be3 Rb8 (13... b5 $5 14. b4 $8 bxa4 15. bxa5 (15. Qxa4 Bc7 $11) 15... Qxa5 $11) 14. b4 Bc7 15. Qe2 Ne7 16. c4 Ng6 17. Rfd1 Nf4 18. Qf3 Nh7 {[%emt 0:09:02][%cal Bf6h7,Bh7g5,Bg5e4][%mdl 32] Threatens to win with ...Ng5.} 19. Bxf4 exf4 20. Qxf4 d5 21. Qe3 dxc4 (21... d4 $14 22. Qe2 Qg5) 22. Bxc4 $16 Qh4 23. Nc5 Ng5 24. Nd7 {[%emt 0:08:49] White is much more active. The black rooks are badly placed.} Bxd7 25. Rxd7 Bxg3 {[%emt 0:01:21][%mdl 64] Remove Defender} 26. fxg3 Qxe4 27. Qxe4 (27. Qf4 {feels hotter.} Qc6 28. Rad1 b5 29. Bb3) 27... Nxe4 28. g4 b5 29. Bb3 Rb6 30. Re1 Rd6 31. Rxd6 Nxd6 {[%emt 0:00:02][%mdl 4096] Endgame KRB-KRN} 32. Re7 Rc8 {[%emt 0:01:44] [#]} 33. Ra7 $1 Rc6 {[%emt 0:00:29] [#]} 34. Bd5 $1 Rc1+ 35. Kf2 Rd1 (35... Kf8 $142 36. Ke2 (36. Rxa6 Ke7 $16) 36... Ke8 37. Rxa6 Kd7) 36. Bb3 $18 Rd2+ (36... Rd4 $142 37. Rxa6 Nc4 38. Ra8+ Kh7) 37. Ke3 Rxg2 38. Rxa6 Rg3+ $2 (38... Ne8 {is more resistant.} 39. Ra7 Rg3+ 40. Kd4 Rxh3 41. Bxf7+ Kf8) 39. Kd4 Ne8 40. Ra8 Kf8 41. Ra7 f6 (41... Rf3 42. Kc5 Rc3+ 43. Kxb5 Nd6+ 44. Ka6 h5 45. gxh5 Rc6+ 46. Ka5 Rc3) 42. Rf7+ Kg8 43. Rd7+ Kf8 44. Kc5 Rxh3 45. Kxb5 h5 46. gxh5 f5 47. Kc5 Nf6 48. Rf7+ Ke8 49. Rxg7 f4 50. Kd4 {[%emt 0:03:52] Hoping for b5.} Re3 $2 (50... f3 51. Ke3 Kd8) 51. h6 {[%emt 0:01:21] And now h7 would win.} Re4+ 52. Kd3 {[%emt 0:01:19] Strongly threatening h7.} Re3+ 53. Kd4 (53. Kc2 $142) 53... Re4+ $1 54. Kc5 {[%emt 0:00:24] Black must now prevent h7.} Re5+ 55. Kd6 Re4 {[%emt 0:00:38] [#]} 56. Rg8+ $1 Nxg8 57. h7 Rd4+ 58. Kc5 {[%emt 0:00:06] Weighted Error Value: White=0.44/Black=0.41} 1-0

[Event "Romanian Superleague 2022"]
[Site "Oradea"]
[Date "2022.09.21"]
[Round "1.17"]
[White "Manolache, Marius"]
[Black "David, Alexandru-Vasile"]
[Result "1/2-1/2"]
[ECO "D05"]
[WhiteElo "2455"]
[BlackElo "2417"]
[Annotator "TA"]
[PlyCount "106"]
[EventDate "2022.09.21"]
[EventType "team-tourn"]
[EventCountry "ROU"]
[SourceTitle "playchess.com"]
[Source "ChessBase"]
[SourceQuality "1"]
[TimeControl "40/5400+30:1800+30"]

1. Nf3 d5 2. e3 Nf6 3. b3 e6 4. Bb2 Be7 5. d4 O-O 6. Nbd2 {[%emt 0:02:38] D05: Colle System with ...e6.} b6 7. Bd3 Bb7 8. a3 {[%emt 0:12:08] The position is equal.} Nbd7 9. Ng5 h6 {[%emt 0:23:54] [#]} (9... c5 {looks sharper.} 10. O-O Bd6 11. c4 Qe7) 10. Ngf3 $146 ({Predecessor:} 10. h4 Re8 11. Qf3 c5 12. g4 Qc7 13. Nxf7 Kxf7 14. g5 c4 15. bxc4 dxc4 16. Be4 {1-0 (39) Delmar,E-Lipschuetz,S New York 1888}) 10... Ne4 11. Qe2 Bd6 12. Bxe4 dxe4 13. Ne5 Nf6 14. O-O Qe7 15. Rfd1 Rad8 16. Nf1 Nh7 17. Ng3 Qg5 18. Qh5 Qxh5 19. Nxh5 Bxe5 20. dxe5 Rfe8 21. Kf1 Nf8 22. Nf4 Ng6 23. Nxg6 fxg6 24. a4 a5 25. Ke1 Kf7 26. Rd4 Rxd4 27. exd4 $11 {[%emt 0:00:29][%mdl 4096] Endgame KRB-KRB} g5 28. Ke2 Kg6 29. Ke3 Kf5 30. c4 Rd8 31. Rd1 Rd7 32. Bc3 Bc6 33. h3 h5 34. Ra1 Rd8 35. Rg1 Rh8 36. Rd1 Rd8 37. Rc1 g4 38. Rh1 gxh3 39. Rxh3 Rh8 40. Rh1 (40. Rh4 $1 $11) 40... h4 $17 41. Rh2 g5 42. Bb2 (42. Bd2 $142) 42... Rh7 (42... g4 $17 43. Ba3 Rh7) 43. Bc1 $15 g4 44. Ke2 $1 h3 {[%emt 0:00:56][%cal Oe4e3] [#] aiming for ...e3!} 45. Be3 Bb7 46. Kd2 c5 47. dxc5 bxc5 48. Ke2 Kxe5 49. gxh3 (49. Kf1 $11) 49... gxh3 $17 50. Rh1 Kd6 ({Reject} 50... h2 51. Kf1 $11) 51. Rd1+ Ke5 52. Rh1 Bc6 53. Kf1 $1 Kd6 {[%emt 0:06:06] Weighted Error Value: White=0.11 (very precise) /Black=0.11 (very precise)} 1/2-1/2

[Event "Romanian Superleague 2022"]
[Site "Oradea"]
[Date "2022.09.21"]
[Round "1.18"]
[White "Berescu, Alin-Mile"]
[Black "Antal, Hunor-Zoltan"]
[Result "1/2-1/2"]
[ECO "B90"]
[WhiteElo "2440"]
[BlackElo "2235"]
[Annotator "TA"]
[PlyCount "37"]
[EventDate "2022.09.21"]
[EventType "team-tourn"]
[EventCountry "ROU"]
[SourceTitle "playchess.com"]
[Source "ChessBase"]
[SourceQuality "1"]
[TimeControl "40/5400+30:1800+30"]

1. e4 c5 2. Nf3 d6 3. d4 cxd4 4. Nxd4 Nf6 5. Nc3 a6 6. Be3 e5 7. Nb3 Be6 8. h3 {[%emt 0:01:45] B90: Sicilian Najdorf: Unusual White 6th moves, 6 Be3 Ng4 and 6 Be3 e5.} Be7 9. Qf3 (9. f4 $142) 9... O-O $11 10. O-O-O a5 (10... b5 $11) 11. Bb5 (11. Nc5 $1 $14) 11... Na6 12. Kb1 Nc7 13. Bb6 {[%emt 0:13:46] [#]} Qb8 $146 ({Predecessor:} 13... Nd7 14. Bxd7 Qxd7 15. Bxc7 Qxc7 16. Nd5 Qd8 17. Qd3 Ra6 18. Nd2 Rc6 19. Nc4 Bg5 {½-½ (30) Mohamad,E (2260)-Karavade,E (2400) Jakarta 2013}) 14. Bxc7 ({Much weaker is} 14. Nxa5 Nxb5 15. Nxb5 Ra6 $17) 14... Qxc7 15. a3 Rfc8 16. Qe3 ({White should try} 16. a4 $11) 16... a4 $1 $15 17. Nc1 Qa5 {[%emt 0:04:06][%cal Oc8c3] [#] Strongly threatening ...Rxc3!} 18. N1e2 Rd8 (18... Rc5 $15 19. Bd3 Rac8) 19. f4 {[%emt 0:09:44] Weighted Error Value: White=0.25 (precise) /Black=0.19 (very precise)} 1/2-1/2

[Event "Romanian Superleague 2022"]
[Site "Oradea"]
[Date "2022.09.21"]
[Round "1.19"]
[White "Sumets, Andrey"]
[Black "Pranav Vijay"]
[Result "1/2-1/2"]
[ECO "E32"]
[WhiteElo "2513"]
[BlackElo "2265"]
[Annotator "TA"]
[PlyCount "61"]
[EventDate "2022.09.21"]
[EventType "team-tourn"]
[EventCountry "ROU"]
[SourceTitle "playchess.com"]
[Source "ChessBase"]
[SourceQuality "1"]
[TimeControl "40/5400+30:1800+30"]

1. d4 Nf6 2. c4 e6 3. Nc3 Bb4 4. Qc2 O-O 5. a3 Bxc3+ 6. Qxc3 Ne4 7. Qc2 f5 8. Nh3 d6 9. f3 Nf6 10. e3 e5 {[%emt 0:03:09] E32: Nimzo-Indian: Classical (4 Qc2): 4...0-0.} 11. Be2 Nc6 12. d5 Ne7 13. O-O {[%emt 0:04:18] [#]} a5 $146 ({Predecessor:} 13... c5 14. dxc6 Nxc6 15. b4 h6 16. Nf2 Be6 17. Bb2 Qe7 18. Rfd1 Rad8 19. Rac1 Qf7 {1-0 (73) Sumets,A (2533)-Ferretti,F (2294) Playchess.com INT 2007}) 14. b3 c6 15. dxc6 Nxc6 16. Rd1 Qe7 17. Qd2 Rd8 18. Bb2 d5 19. cxd5 Nxd5 20. Bc4 Be6 21. Qe2 h6 22. Nf2 Bf7 23. Rac1 Rac8 24. Re1 Nf6 25. e4 fxe4 26. Nxe4 Nd5 27. g3 {[%emt 0:13:38] Prevents Nf4.} (27. Nf2 $14) 27... Nc7 {[%emt 0:12:57] The position is equal.} (27... Nd4 $5 28. Qf2 Nb6 $11) 28. Red1 Ne6 29. Bxe6 Qxe6 30. Nc5 Qe7 31. Qe3 {[%emt 0:00:55] Weighted Error Value: White=0.07 (flawless) /Black=0.06 (flawless)} 1/2-1/2

[Event "Romanian Superleague 2022"]
[Site "Oradea"]
[Date "2022.09.21"]
[Round "1.20"]
[White "Grigore, George-Gabriel"]
[Black "Cioara, Andrei-Nestor"]
[Result "1/2-1/2"]
[ECO "E36"]
[WhiteElo "2455"]
[BlackElo "2407"]
[Annotator "TA"]
[PlyCount "85"]
[EventDate "2022.09.21"]
[EventType "team-tourn"]
[EventCountry "ROU"]
[SourceTitle "playchess.com"]
[Source "ChessBase"]
[SourceQuality "1"]
[TimeControl "40/5400+30:1800+30"]

1. d4 Nf6 2. c4 e6 3. Nc3 Bb4 4. Qc2 O-O 5. a3 Bxc3+ 6. Qxc3 d5 7. Bg5 dxc4 {[%emt 0:03:35] E36: Nimzo-Indian: Classical: 4...d5 5 a3.} 8. Qxc4 b6 9. Rd1 Ba6 {[%emt 0:03:52] White has an edge.} 10. Qa4 h6 {[%emt 0:25:58] 10...h6 scores better than 10...Qd7.} 11. Bh4 Qd7 12. Qc2 Qc6 13. Qxc6 Nxc6 14. Bxf6 gxf6 15. Nf3 {[%emt 0:00:18] [#]} Na5 $146 ({Predecessor:} 15... Rfd8 16. e3 Bb7 17. Bd3 Ne7 18. Ke2 c5 19. dxc5 bxc5 20. Rd2 Rab8 21. Rc1 Rdc8 {½-½ (90) Le,Q (2709)-Nakamura,H (2736) chess24.com INT 2021}) 16. e3 Bxf1 17. Rxf1 c5 18. Rc1 Rfc8 19. Ke2 Kf8 20. Rfd1 Ke7 21. dxc5 bxc5 22. Rc2 Rab8 23. Nd2 c4 24. Rdc1 Rd8 25. Nxc4 Nxc4 {[%emt 0:00:00][%mdl 64] [#] Remove Defender} 26. Rxc4 {[%emt 0:00:06] aiming for b4.} Rxb2+ 27. R1c2 Rxc2+ 28. Rxc2 $11 {[%emt 0:19:37][%mdl 4096] Endgame KR-KR} Rd7 29. g4 Rb7 (29... h5 $11 {keeps the balance.}) 30. Rc5 Kf8 31. h4 Rd7 32. f4 Kg7 33. a4 ({Better is} 33. Ra5 $14) 33... Rb7 (33... f5 $1 $11) 34. Kf3 Rb4 35. Ra5 Rb7 36. Ra6 ({White should try} 36. h5 $14) 36... h5 $1 {[%emt 0:05:43] The position is equal.} 37. g5 Kg6 38. gxf6 Kxf6 39. Ra5 Kg6 40. Rg5+ Kh6 41. Ra5 Kg6 42. Rg5+ Kh6 43. Ra5 {[%emt 0:00:10] Weighted Error Value: White=0.07 (flawless) /Black=0.09 (flawless)} 1/2-1/2

[Event "Romanian Superleague 2022"]
[Site "Oradea"]
[Date "2022.09.21"]
[Round "1.21"]
[White "Stepanencu, Nicodim-Cosmin"]
[Black "Istratescu, Andrei"]
[Result "1/2-1/2"]
[ECO "C10"]
[WhiteElo "2289"]
[BlackElo "2408"]
[Annotator "TA"]
[PlyCount "48"]
[EventDate "2022.09.21"]
[EventType "team-tourn"]
[EventCountry "ROU"]
[SourceTitle "playchess.com"]
[Source "ChessBase"]
[SourceQuality "1"]
[TimeControl "40/5400+30:1800+30"]

1. e4 e6 2. d4 d5 3. Nc3 dxe4 4. Nxe4 Bd7 5. Nf3 Bc6 6. Bd3 Nd7 7. c3 Bxe4 {[%emt 0:09:59] C10: French with 3 Nc3: Unusual Black 3rd moves and 3...dxe4.} 8. Bxe4 c6 9. O-O Ngf6 {[%emt 0:01:43] White is slightly better.} 10. Bc2 g6 11. Re1 Bg7 {[%emt 0:01:34] [#]} 12. Ng5 $146 ({Predecessor:} 12. Bg5 O-O 13. Qd2 Qb6 14. a3 a5 15. Ne5 Nxe5 16. dxe5 Ng4 17. Be7 Rfe8 18. Bd6 {½-½ (24) Sevian,S (2603)-Akesson,R (2417) Stockholm 2016}) 12... O-O 13. Qf3 Re8 14. h4 Nf8 15. g3 {[%emt 0:21:42] White is much more active. The black rooks are badly placed.} h6 16. Ne4 Nxe4 17. Rxe4 ({Much weaker is} 17. Qxe4 e5 $15) 17... Nd7 18. Bf4 Nf6 19. Re2 Qd5 20. Qd3 Qd7 21. Be5 h5 22. Qf3 Ng4 {[%emt 0:00:41] The position is equal.} 23. Bxg7 Kxg7 24. Qf4 Rad8 {[%emt 0:00:49] Weighted Error Value: White=0.10 (very precise) /Black=0.07 (flawless)} 1/2-1/2

[Event "Romanian Superleague 2022"]
[Site "Oradea"]
[Date "2022.09.21"]
[Round "1.22"]
[White "Vedmediuc, Serghei"]
[Black "Vajda, Albert"]
[Result "1-0"]
[ECO "B35"]
[WhiteElo "2430"]
[BlackElo "2305"]
[Annotator "TA"]
[PlyCount "61"]
[EventDate "2022.09.21"]
[EventType "team-tourn"]
[EventCountry "ROU"]
[SourceTitle "playchess.com"]
[Source "ChessBase"]
[SourceQuality "1"]
[TimeControl "40/5400+30:1800+30"]

1. e4 c5 2. Nf3 g6 3. d4 cxd4 4. Nxd4 Nc6 5. Nc3 Bg7 6. Be3 Nf6 7. Bc4 O-O 8. Bb3 d5 9. exd5 {[%emt 0:06:27] B35: Sicilian: Accelerated Dragon with 5 Nc3: main line.} Na5 10. Qf3 Bg4 11. Qg3 {[%emt 0:00:10] White is slightly better.} Nxb3 12. Nxb3 ({Better is} 12. axb3 $14 Bh5 13. Qe5) 12... Bf5 $11 13. O-O-O Rc8 $1 14. f3 b5 {[%emt 0:08:20][%cal Bb7b5,Bb5b4,Bb4c3][%mdl 32] Strongly threatening ...b4.} 15. Nd4 {[%emt 0:06:14] [#]} (15. Bxa7 b4 16. Ne4 Qd7 $17) 15... b4 $146 (15... Bd7 $5 16. Ne6 (16. Ndxb5 Qa5 $17) (16. Nc6 Bxc6 17. dxc6 Qe8 $11) 16... fxe6 17. dxe6 Qa5 18. exd7 Nxd7 $11) ({Predecessor:} 15... Bd7 16. Nc6 Bxc6 17. dxc6 Qa5 18. Qg5 Rxc6 19. Qxb5 Qc7 20. Qa4 Rc8 21. Rhe1 Ne8 {0-1 (32) Pikula,D (2393)-Ramoutar,A (2411) Arandjelovac 2021}) 16. Nxf5 bxc3 17. Nxg7 Kxg7 (17... cxb2+ $11 18. Kb1 Kxg7) 18. b3 $18 Qa5 {[%emt 0:01:18] [#] ( -> ...Qa3+)} 19. Kb1 {[%emt 0:00:18] Active counter play!} Rfd8 20. Qe5 Rd6 21. Rd4 ({Resist} 21. a4 Re6 22. Qd4 Rd6 $16) (21. Qxe7 $18 Qa3 22. Bc1) 21... Rb8 (21... Re6 $16 22. Qg5 Rd6) 22. Rhd1 Rb5 $2 (22... Rb7 {was called for.} 23. Rh4 h5) 23. Rc4 (23. a4 Rb7 24. g4 Re6 $18) (23. Qxe7 $142 {Threatening mate with Bh6+.} Qd8 24. Qxd8 (24. Qxa7 Ra5 $11) 24... Rxd8 25. d6) 23... Rbxd5 24. Rxd5 {[%emt 0:00:19] Dancing on a razor blade.} Rxd5 25. Qxc3 Qa3 (25... Rd1+ {keeps fighting.} 26. Kb2 Qxc3+ 27. Rxc3 Nd5) 26. Rd4 {[%emt 0:00:39] [#] Rxd5 is the strong threat.} Ra5 27. Qb2 Qc5 (27... Qxb2+ $142 28. Kxb2 Rh5) 28. b4 {[%emt 0:01:23] White is clearly winning.} Qe5 29. Rd3 ({Weaker is} 29. bxa5 Qxe3 30. Qb4 e6 $18) 29... Qxb2+ 30. Kxb2 Rb5 31. Kb3 {[%emt 0:00:44] Weighted Error Value: White=0.29 (precise) /Black=0.54} 1-0

[Event "Romanian Superleague 2022"]
[Site "Oradea"]
[Date "2022.09.21"]
[Round "1.23"]
[White "Balla, Tamas-Kristof"]
[Black "Manea, Alexandru"]
[Result "1/2-1/2"]
[ECO "B44"]
[WhiteElo "2325"]
[BlackElo "2326"]
[Annotator "TA"]
[PlyCount "67"]
[EventDate "2022.09.21"]
[EventType "team-tourn"]
[EventCountry "ROU"]
[SourceTitle "playchess.com"]
[Source "ChessBase"]
[SourceQuality "1"]
[TimeControl "40/5400+30:1800+30"]

1. e4 c5 2. Nf3 e6 3. d4 cxd4 4. Nxd4 Nc6 5. Nb5 d6 6. c4 a6 7. Nd4 Nf6 8. Nc3 Be7 9. Be2 O-O {[%emt 0:01:04] B44: Sicilian: Taimanov: 5 Nb5.} 10. Be3 {[%emt 0:00:21] [#]} Rb8 $146 ({Predecessor:} 10... Nxd4 11. Qxd4 e5 12. Qb6 Qxb6 13. Bxb6 Bd8 14. Bxd8 Rxd8 15. Kd2 Be6 16. Rhc1 Kf8 17. Ke3 {1-0 (58) Grischuk,A (2777)-Cori,J (2652) Chess.com INT 2020}) 11. f3 ({White should try} 11. O-O $14) 11... d5 $11 12. exd5 exd5 13. Qd2 dxc4 14. Bxc4 Nxd4 15. Qxd4 {[%emt 0:00:40] The position is equal.} b5 16. Bb3 Qxd4 17. Bxd4 Bf5 18. Kf2 Rfd8 19. Rhd1 h5 20. Rd2 Kf8 21. Rad1 Rbc8 22. Bb6 Rxd2+ 23. Rxd2 Rc6 24. Be3 Be6 25. Bxe6 Rxe6 26. Nd5 Nxd5 27. Rxd5 {[%emt 0:00:59][%mdl 4096] Endgame KRB-KRB} g6 28. Ke2 Ke8 29. Kd3 Rc6 30. b3 Rd6 31. Kd4 Rc6 32. Kd3 {[%emt 0:00:16] Inhibits Rc2.} Rd6 33. Kd4 Rc6 34. Kd3 {[%emt 0:00:03] Inhibits Rc2. An even fight not without its subleties.  Weighted Error Value: White=0.05 (flawless) /Black=0.03 (flawless)} 1/2-1/2